 Dungeon Crawl Stone Soup version 0.13-a0-2940-gab44624 (console) character file.

232 5ubbak the Covered (level 4, -4/35 HPs)
             Began as a Djinni Fighter on Sept 4, 2013.
             Blown up by Ijyb (19 damage)
             ... with a wand of disintegration
             ... on Level 3 of the Dungeon.
             The game lasted 00:05:26 (1836 turns).

5ubbak the Covered (Djinni Fighter)                 Turns: 1836, Time: 00:05:26

HP  -4/35        AC 10     Str 17      XL: 4   Next: 25%
MP   0/0         EV  6     Int  8      God:
Gold 147         SH 18     Dex 13      Spells:  0 memorised,  3 levels left

Res.Fire  : + + +   See Invis. : .   a - +2,+0 elf whip
Res.Cold  : x . .   Warding    : .   b - +0 scale mail
Life Prot.: + + +   Conserve   : .   c - +0 shield
Res.Poison: .       Res.Corr.  : .   (no helmet)
Res.Elec. : .       Clarity    : .   p - +1 cloak
Sust.Abil.: . .     Spirit.Shd : .   m - +0 pair of gloves (curse)
Res.Mut.  : .       Stasis     : .   (boots unavailable)
Res.Rott. : .       Flight     : .   (no amulet)
Saprovore : . . .                    (no ring)
                                     (no ring)

@: slightly resistant to hostile enchantments, extremely unstealthy
A: fire immunity, cold vulnerability, life protection 3
a: no special abilities


You were on level 3 of the Dungeon.
You were not hungry.

You visited 1 branch of the dungeon, and saw 3 of its levels.

You collected 127 gold pieces.

Inventory:

Hand weapons
 a - a +2,+0 elven whip (weapon)
 n - a +0,+0 mace
Armour
 b - a +0 scale mail (worn)
 c - a +0 shield (worn)
 m - a cursed +0 pair of gloves (worn)
 p - a +1 cloak (worn)
Comestibles
 j - 2 apples
 r - 2 bread rations
Scrolls
 d - 3 scrolls of identify {unknown}
 e - a scroll of fog {unknown}
 f - a scroll of magic mapping {unknown}
 h - 2 scrolls of blinking {unknown}
 i - a scroll of curse weapon {unknown}
 k - a scroll of random uselessness {unknown}
 o - 2 scrolls of enchant armour {unknown}
 q - a scroll of curse armour {unknown}
 s - a scroll of teleportation {unknown}
 u - a scroll of fear {unknown}
Potions
 g - a potion of heal wounds {unknown}
 l - 3 potions of curing {unknown}
 t - a potion of brilliance {unknown}


   Skills:
 + Level 3.3 Fighting
 * Level 3.5 Maces & Flails
 + Level 3.5 Armour
 + Level 3.3 Shields


You had 3 spell levels left.
You didn't know any spells.

Dungeon Overview and Level Annotations

Branches:
Dungeon (3/27)

Altars:
Vehumet

Annotations:
D:3 Ijyb


Innate Abilities, Weirdness & Mutations

You are immune to all types of fire, even holy and hellish.
You are vulnerable to cold.
You need no food.
You have no legs.
You are immune to negative energy.


Message History

Ijyb comes into view.
He is wielding a club.
Ijyb shouts!
Found an orange.
Ijyb zaps a wand.
You are blasted!
Your scale mail prevents you from hitting Ijyb.
Ijyb completely misses you.
You barely miss Ijyb.
Ijyb zaps a wand.
You resist.
You hit Ijyb but do no damage. Ijyb barely misses you.
You hit Ijyb but do no damage. Ijyb hits you but does no damage.
You hit Ijyb.
Ijyb is lightly wounded.
Ijyb zaps a wand.
You are blasted!
Your shield and scale mail prevent you from hitting Ijyb.
Ijyb is lightly wounded.
Ijyb zaps a wand.
You are blasted!
You miss Ijyb.
Ijyb is lightly wounded.
Ijyb zaps a wand.
You are blasted!
Ouch! That really hurt!
You die...

########################
............%............
###..........###...##...
#..........# #...#
#..........# #@..#
#..........# #g.%#
#.[........# #...#
#..........# #...#
#..........# #...#
#..........# #...#
###..........# #...#
.............# #...#
............. ...


You could see Ijyb.

Vanquished Creatures
  2 adders (D:2)
  A worm (D:3)
  3 giant geckos
  2 oozes (D:3)
  A giant cockroach (D:2)
  5 hobgoblins
  8 jackals
  7 kobolds
  A ball python (D:2)
  7 bats
  4 giant newts
  7 goblins
  A quokka (D:3)
  8 rats
57 creatures vanquished.

Notes
Turn   | Place    | Note
--------------------------------------------------------------
     0 | D:1      | 5ubbak, the Djinni Fighter, began the quest for the Orb.
     0 | D:1      | Reached XP level 1. HP: 16/16 MP: 0/0
   402 | D:1      | Reached XP level 2. EP: 22/22
   805 | D:2      | Reached XP level 3. EP: 21/29
  1476 | D:3      | Found a radiant altar of Vehumet.
  1512 | D:3      | Reached XP level 4. EP: 35/35
  1826 | D:3      | Noticed Ijyb
  1836 | D:3      | Blown up by Ijyb

Action                   |  1- 3 |  4- 6 || total
-------------------------+-------+-------++-------
Melee: Mace              |    14 |       ||    14
       Whip              |   149 |    89 ||   238
